 Dungeon Crawl Stone Soup version 0.27.1-34-g3ba077fa99 (webtiles) character file.

Game seed: 8075140789118740214

4252 iwittbrodt the Shield-Bearer (level 10, -7/80 HPs)
             Began as a Human Fighter on Jan 9, 2022.
             Was an Initiate of Ru.
             Mangled by a shadow (24 damage)
             ... on level 8 of the Dungeon on Jan 11, 2022.
             The game lasted 01:11:11 (15847 turns).

iwittbrodt the Shield-Bearer (Human Fighter)       Turns: 15847, Time: 01:11:11

Health: -7/80      AC: 18    Str: 18    XL:     10   Next: 56%
Magic:  10/10      EV:  8    Int:  8    God:    Ru [......]
Gold:   456        SH: 11    Dex: 15    Spells: 6/9 levels left

rFire    . . .     SeeInvis .   l - +1 dagger (venom)
rCold    . . .     Faith    .   c - +0 kite shield
rNeg     + . .     Spirit   .   b - +0 scale mail
rPois    .         Reflect  .   (no helmet)
rElec    .         Harm     .   k - +0 cloak
rCorr    .         Rampage  .   d - +2 pair of gloves
Will     .....                  u - +0 pair of boots
Stlth    ..........             w - amulet of the acrobat
HPRegen  0.23/turn              G - ring of positive energy
MPRegen  0.12/turn              F - +4 ring of protection

@: no status effects
A: no striking features
a: Renounce Religion, Sacrifice Stealth, Sacrifice Courage, Sacrifice Words,
Reject Sacrifices


You were on level 8 of the Dungeon.
You worshipped Ru.
Ru was noncommittal.
You visited 2 branches of the dungeon, and saw 9 of its levels.
You also visited: Ossuary.

You collected 456 gold pieces.

Inventory:

Hand Weapons
 a - a +0 long sword
 l - a +1 dagger of venom (weapon)
 m - a +2 spear of flaming
Missiles
 s - 6 throwing nets (quivered)
 I - 19 poisoned darts
Armour
 b - a +0 scale mail (worn)
 c - a +0 kite shield (worn)
 d - a +2 pair of gloves (worn)
 k - a +0 cloak (worn)
 u - a +0 pair of boots (worn)
 D - +0 steam dragon scales
Jewellery
 v - a ring of magical power
 w - an amulet of the acrobat (around neck)
 F - a +4 ring of protection (right hand)
 G - a ring of positive energy (left hand)
 J - a ring of protection from fire
Wands
 r - a wand of flame (24)
 x - a wand of polymorph (10)
 K - a wand of mindburst (8)
Scrolls
 e - 3 scrolls of identify
 f - 2 scrolls of teleportation
 h - 5 scrolls of fear
 i - 2 scrolls of noise {unknown}
 q - 4 scrolls of amnesia {unknown}
 t - a scroll of vulnerability {unknown}
 y - 2 scrolls of magic mapping {unknown}
 B - 2 scrolls of enchant armour {unknown}
 E - 3 scrolls of acquirement {unknown}
 H - a scroll of enchant weapon {unknown}
Potions
 g - 2 potions of curing
 j - a potion of brilliance
 n - 2 potions of haste
 o - 4 potions of attraction
 p - a potion of invisibility {unknown}
 z - 2 potions of heal wounds
 A - 2 potions of cancellation {unknown}
 C - a potion of might


   Skills:
 * Level 7.8 Fighting
 + Level 6.0(6.2) Short Blades
 - Level 2.3(4.5) Long Blades
 - Level 1.0 Polearms
 + Level 7.8 Armour
 + Level 7.9 Shields
 - Level 4.1 Evocations


You had 6 spell levels left.
You knew the following spells:

 Your Spells              Type           Power      Damage    Failure   Level
a - Mephitic Cloud        Conj/Pois/Air  0%         N/A       100%        3

Your spell library contained the following spells:

 Spells                   Type           Power      Damage    Failure   Level
 Corona                   Hex            0%         N/A       96%         1
 Magic Dart               Conj           0%         1d3       96%         1
 Call Imp                 Summ           0%         N/A       99%         2
 Corpse Rot               Necr/Air       N/A        N/A       99%         2
 Ensorcelled Hibernation  Hex/Ice        0%         N/A       99%         2
 Poisonous Vapours        Pois/Air       0%         N/A       99%         2
 Tukima's Dance           Hex            0%         N/A       100%        3
 Freezing Cloud           Conj/Ice/Air   0%         6-21      100%        5


Dungeon Overview and Level Annotations

Branches:
Dungeon (8/15)             Temple (1/1) D:6         Ossuary (visited)
   Lair: D:8-11

Altars:
Ashenzari
Cheibriados
Fedhas
Makhleb
Okawaru
Qazlal
Ru
Sif Muna
Trog
Uskayaw
Vehumet
Wu Jian
Xom
Yredelemnul
Zin


Message History

You hit the shadow but do no damage.
The shadow is moderately damaged.
The shadow slips into darkness.
The shadow flickers and vanishes!
Deactivating autopickup; reactivate with Ctrl-A.
You hit something.
The shadow strikes at you from the darkness!
Reactivating autopickup.
You closely miss the shadow.
The shadow is moderately damaged.
The shadow hits you.
You hit the shadow.
The shadow is heavily damaged.
You block the shadow's attack.
You hit the shadow but do no damage.
The shadow is heavily damaged.
The shadow hits you.
You hit the shadow.
The shadow is heavily damaged.
You barely miss the shadow.
The shadow is heavily damaged.
The shadow hits you!
You hit the shadow but do no damage.
The shadow is heavily damaged.
The shadow hits you.
You closely miss the shadow.
The shadow is heavily damaged.
You block the shadow's attack.
You hit the shadow but do no damage.
The shadow is heavily damaged.
The shadow hits you!
* * * LOW HITPOINT WARNING * * *
You hit the shadow.
The shadow is severely damaged.
The shadow slips into darkness.
The shadow flickers and vanishes!
Deactivating autopickup; reactivate with Ctrl-A.
You hit something but do no damage.
The shadow strikes at you from the darkness!
You die...

##......## ....# # ..
#.#####.# ##....# ##. # #.#
#.####....## #..## #.##
##.##.....>.# .....#
#..###...........## ##....
####..##.........##..# . #..
.........#....[)## #.## .#
##. ####....#...##..## #..#
#.# #..
##........###.@###..##..#
##.. ###........##
##{........#####...
.##..###...#
##?..........##.... .....#
###.## #..###.......(.....
...#..#
#..###..###.....##......
.###..#
#.##...##.....###...### .#
##..# #..#..###....####..# #
.## #.####...........## #..#
##
#.####..##..####......####..#
##.


There were no monsters in sight!

Vanquished Creatures
  A hornet (D:8)
  Prince Ribbit (D:7)
  5 yaks (D:4)
  2 steam dragons
  2 water moccasins
  An orc warrior (D:6)
  An ice beast (D:6)
  A sky beast (D:6)
  4 necrophages
  3 ogres
  2 phantoms
  2 centaurs (D:5)
  A bullfrog (D:7)
  3 gnoll sergeants
  5 water moccasin zombies (Ossuary)
  A water moccasin skeleton (D:5)
  A wight (D:7)
  A howler monkey (D:5)
  2 centaur zombies
  A gnoll shaman (D:7)
  3 hounds
  2 orc priests
  A bullfrog skeleton (D:5)
  5 iguanas
  2 orc wizards
  A mummy (D:3)
  21 gnolls
  A howler monkey skeleton (D:6)
  5 adders
  A white imp (D:6)
  6 adder zombies (Ossuary)
  4 worms (D:3)
  21 orcs
  4 ball pythons
  8 endoplasms
  10 giant cockroaches
  11 goblins
  6 hobgoblins
  2 jackals (D:3)
  4 quokkas
  6 bats
  5 frilled lizards
  3 gnoll zombies (Ossuary)
  2 hobgoblin zombies (Ossuary)
  6 kobolds
  A kobold zombie (Ossuary)
  4 orc zombies (Ossuary)
  11 rats
196 creatures vanquished.

Vanquished Creatures (others)
  7 toadstools (D:8)
7 creatures vanquished.

Grand Total: 203 creatures vanquished

Notes
Turn   | Place    | Note
-------+----------+-------------------------------------------
     0 | D:1      | iwittbrodt the Human Fighter began the quest for the Orb.
     0 | D:1      | Reached XP level 1. HP: 18/18 MP: 1/1
   590 | D:1      | Reached XP level 2. HP: 22/24 MP: 2/2
   663 | D:1      | Found a faded altar of an unknown god.
   903 | D:1      | Reached XP level 3. HP: 26/29 MP: 3/3
  3002 | D:3      | Reached XP level 4. HP: 36/37 MP: 4/4
  3528 | D:3      | Reached skill level 1 in Short Blades
  3752 | D:3      | Reached XP level 5. HP: 30/42 MP: 5/5
  4599 | D:4      | Noticed a necrophage
  4606 | D:4      | Killed a necrophage
  4607 | D:4      | Reached skill level 1 in Evocations
  4607 | D:4      | Reached XP level 6. HP: 46/49 MP: 6/6
  4967 | D:4      | Found a sand-covered staircase.
  4989 | Ossuary  | Entered an ossuary
  5151 | Ossuary  | Reached XP level 7. HP: 35/55 MP: 7/7
  7426 | D:5      | Entered Level 5 of the Dungeon
  7724 | D:5      | Reached XP level 8. HP: 61/61 MP: 8/8
  7849 | D:5      | Reached skill level 5 in Fighting
  8035 | D:5      | Found a shimmering altar of Xom.
  8068 | D:5      | Noticed a yak
  8068 | D:5      | Noticed a yak
  8069 | D:5      | Noticed a yak
  8069 | D:5      | Noticed a yak
  8069 | D:5      | Noticed a yak
  8167 | D:4      | Killed a yak
  8168 | D:4      | Reached skill level 5 in Armour
  8168 | D:4      | Reached skill level 5 in Shields
  8493 | D:4      | Killed a yak
  9177 | D:4      | Killed a yak
  9178 | D:4      | Reached XP level 9. HP: 28/68 MP: 9/9
 10147 | D:6      | Reached skill level 5 in Short Blades
 11280 | D:5      | Reached XP level 10. HP: 71/77 MP: 10/10
 11916 | D:6      | Learned a level 3 spell: Mephitic Cloud
 11917 | D:6      | Found a staircase to the Ecumenical Temple.
 11927 | Temple   | Entered the Ecumenical Temple
 12220 | Temple   | Became a worshipper of Ru the Awakened
 14167 | D:7      | Reached skill level 1 in Polearms
 14375 | D:7      | Found a snail-covered altar of Cheibriados.
 14431 | D:7      | Found an ornate altar of the Wu Jian Council.
 14431 | D:7      | Found a hide-covered altar of Uskayaw.
 15442 | D:7      | Noticed Prince Ribbit
 15479 | D:7      | Killed Prince Ribbit
 15847 | D:8      | Mangled by a shadow

Illustrated notes

Levels and vault maps discovered:
D:1:      psy_arrival_radial02, layout_loops_ring, basic_ecumenical_altar
D:2:      layout_basic
D:3:      minmay_thinvault, layout_rooms
D:4:      layout_basic, nicolae_ossuary_entry_ruins
D:5:      layout_rooms, nicolae_overflow_crystal_walls, minmay_fountain_box,
          minmay_liquid_box
D:6:      layout_basic, minmay_temple_entry_statues
D:7:      layout_basic, mainiacjoe_overflow_concentric_impassable,
          jmf_multi_god_temple, minmay_quadrilaterals, uniq_prince_ribbit1
D:8:      cheibrodos_fertilizer, layout_layer_cave, grunt_temple_overflow_open,
          mainiacjoe_overflow_paths, mainiacjoe_overflow_alcove_4,
          lair_entry_dummy, kb_rosetta
Temple:   grunt_temple_mini_profane

Skill      XL: |  1  2  3  4  5  6  7  8  9 10 |
---------------+-------------------------------+-----
Short Blades   | 1 2 3 4 5 6 |  6.0
Fighting       | 4 5 6 7 |  7.8
Shields        | 4 5 6 7 |  7.9
Evocations     | 1 2 3 4 |  4.1
Armour         | 4 5 6 7 |  7.8
Polearms       | 1 |  1.0
Long Blades    | |  2.3

Action                   |  1- 3 |  4- 6 |  7- 9 | 10-12 || total
-------------------------+-------+-------+-------+-------++-------
Melee: Long sword        |    67 |       |       |       ||    67
       Dagger            |    51 |   252 |   586 |   434 ||  1323
       Spear             |       |       |       |    61 ||    61
Throw: Dart              |       |       |       |     2 ||     2
       Throwing net      |       |       |       |     1 ||     1
  Use: Scroll            |     1 |       |     3 |     4 ||     8
       Potion            |       |     1 |       |       ||     1
Armor: Scale mail        |    62 |    95 |   222 |   209 ||   588
Dodge: Dodged            |    37 |    61 |   145 |   193 ||   436
Block: Kite shield       |    62 |   104 |   292 |   285 ||   743
       Rpst.: Long sword |     8 |       |       |       ||     8
